 Dungeon Crawl Stone Soup version 0.32-a0-612-g1c984fe9d1 (webtiles) character file.

Game seed: 17834466226353403572

49 growler the Charlatan (level 3, -1/28 HPs)
             Began as a Coglin Artificer on Mar 4, 2024.
             Slain by a ribbon worm (5 damage)
             ... on level 2 of the Dungeon on Mar 5, 2024.
             The game lasted 00:05:32 (913 turns).

growler the Charlatan (Coglin Artificer)             Turns: 913, Time: 00:05:32

Health: -1/28      AC:  4    Str: 14    XL:     3   Next: 77%
Magic:  3/3        EV: 11    Int: 10    God:
Gold:   73         SH:  0    Dex: 14    Spells: 2/2 levels left

rFire   . . .        a - +0 club {Dejan}
rCold   . . .        f - +0 dagger {Xiloxoch}
rNeg    . . .        b - +0 leather armour
rPois   .            (no helmet)
rElec   .            (no cloak)
rCorr   .            i - +0 pair of gloves
SInv    .            (no boots)
Will    .....        (amulet unavailable)
Stlth   +            (ring unavailable)
HPRegen 0.24/turn    (ring unavailable)
MPRegen 0.08/turn    (no gizmo)

%: no passive effects
@: revved
A: off-hand wielding, slow wielding, warmup strikes, no jewellery
a: Invent Gizmo


You were on level 2 of the Dungeon.
You visited 1 branch of the dungeon, and saw 2 of its levels.

You collected 73 gold pieces.

Inventory:

Hand Weapons
 a - a +0 club (weapon) {Dejan}
 f - a +0 dagger (offhand) {Xiloxoch}
Armour
 b - a +0 leather armour (worn)
 i - a +0 pair of gloves (worn)
Wands
 c - a wand of flame (15) (quivered)
 d - a wand of charming (15)
 e - a wand of iceblast (4)
Scrolls
 g - 2 scrolls of identify {unknown}
Potions
 h - 2 potions of lignification {unknown}


   Skills:
 + Level 2.5 Fighting
 - Level 1.7 Armour
 - Level 0.8 Dodging
 - Level 0.7 Stealth
 + Level 5.1 Evocations


You had 2 spell levels left.
You didn't know any spells.
Your spell library contained the following spells:

 Spells                   Type           Power      Damage    Failure   Level
 Foxfire                  Conj/Fire      0%         2x1d4     43%         1


Dungeon Overview and Level Annotations

Branches:
Dungeon (2/15)

Altars:

Shops:
D:1 =


Innate Abilities, Weirdness & Mutations

You can wield a second weapon in your off-hand.
It takes a long time for you to wield or remove held weapons.
Your first few attacks do less damage.
You cannot equip rings or amulets.


Message History

The ribbon worm bites you.
You hit the ribbon worm with your +0 club.
The ribbon worm is lightly wounded.
You hit the ribbon worm with your +0 dagger.
The ribbon worm bites you.
You hit the ribbon worm with your +0 club.
The ribbon worm is moderately wounded.
You hit the ribbon worm with your +0 dagger.
The ribbon worm bites you.
You hit the ribbon worm with your +0 dagger.
The ribbon worm is heavily wounded.
You hit the ribbon worm with your +0 club.
The ribbon worm bites you.
You are too injured to fight recklessly!
You are too injured to fight recklessly!
You are too injured to fight recklessly!
You are too injured to fight recklessly!
You are too injured to fight recklessly!
You are too injured to fight recklessly!
You hit the ribbon worm with your +0 dagger.
The ribbon worm is severely wounded.
You hit the ribbon worm with your +0 club.
The ribbon worm bites you.
You hit the ribbon worm but do no damage.
The ribbon worm is severely wounded.
You hit the ribbon worm with your +0 dagger.
The ribbon worm bites you!
* * * LOW HITPOINT WARNING * * *
You hit the ribbon worm but do no damage.
The ribbon worm is severely wounded.
You completely miss the ribbon worm with your +0 club.
The ribbon worm expels a string of sticky webbing.
The stream of webbing hits you but does no damage.
You are caught in a web!
The web tears apart.
The ribbon worm barely misses you.
You hit the ribbon worm but do no damage.
The ribbon worm is severely wounded.
You hit the ribbon worm but do no damage.
The ribbon worm bites you.
You die...

#.# ###.# ..># #####
#.###### #....
########......# #.###
#.....##......####.##.
#.#...........'....##.
#.....##......#######.
#<.@...###..........
##w###.# #..........
... #.# #.........#
#.... #.# #.........+
#.### #.# #.........#
#. #.###.......... #
#.##........##.
.#.........# .
#.........# .


You could see a ribbon worm (catching breath).

Vanquished Creatures
  A gnoll (D:1)
  A ribbon worm (D:2)
  3 ball pythons (D:1)
  6 endoplasms (D:1)
  A giant cockroach (D:2)
  5 goblins (D:1)
  6 hobgoblins
  3 bats (D:1)
  3 frilled lizards (D:1)
  2 kobolds (D:1)
  6 rats
37 creatures vanquished.

Notes
Turn   | Place    | Note
-------+----------+-------------------------------------------
     0 | D:1      | growler the Coglin Artificer began the quest for the Orb.
     0 | D:1      | Reached XP level 1. HP: 15/15 MP: 1/1
    33 | D:1      | Found Wavow's Jewellery Shop.
    80 | D:1      | Reached XP level 2. HP: 20/21 MP: 2/2
   164 | D:1      | Reached XP level 3. HP: 27/27 MP: 3/3
   181 | D:1      | Found a faded altar of an unknown god.
   204 | D:1      | Got Plato's Directory of Phlogiston
   371 | D:1      | Reached skill level 5 in Evocations
   913 | D:2      | Slain by a ribbon worm

Illustrated notes

Levels and vault maps discovered:
D:1:      psy_arrival_terrarium, layout_rooms, serial_shops, shop,
          shapermc_ecumenical_altar_rom_forum, chequers_serial_rivers_small_a,
          chequers_serial_rivers_room_b, hangedman_decor_lopped, st_stairs_4,
          minmay_misc_feat_room
D:2:      minmay_alternating_diamond, layout_basic, st_stairs_13,
          dk_noncrumbling_3, grunt_ministairs_10

Skill      XL: |  1  2  3 |
---------------+----------+-----
Fighting       | 2 |  2.5
Evocations     | 5 |  5.1
Armour         | |  1.7
Dodging        | |  0.8
Stealth        | |  0.7

Action                     || total
---------------------------++-------
  Melee: Dagger            ||    95
         Club              ||    90
  Evoke: Wand              ||     1
   Stab: Sleeping          ||     1
 Armour: Leather armour    ||    68
  Dodge: Dodged            ||    67

Table legend: (Time is in decaauts)
 A = Elapsed time spent in this place.
 B = Non-inter-level travel time spent in this place.
 C = Inter-level travel time spent in this place.
 D = Time resting spent in this place.
 E = Time spent auto-exploring this place.
 F = Levels seen in this place.
 G = Mean time per level.
                   A        B        C        D        E       F      G
               +--------+--------+--------+--------+--------+-----+--------+
         Total |    931 |    918 |     13 |      7 |    601 |   2 |  465.5 |
       Dungeon |    931 |    918 |     13 |      7 |    601 |   2 |  465.5 |
               +--------+--------+--------+--------+--------+-----+--------+

Top non-repeatable levels by time:
     D:1: 846 daAuts
     D:2: 84 daAuts
